 Dungeon Crawl Stone Soup version 0.17-a0-1778-gd369669 (webtiles) character file.

2200 4thArraOfDagon the Destroyer (level 9, -5/45 HPs)
             Began as a Tengu Fire Elementalist on Sept 8, 2015.
             Was a Follower of Cheibriados.
             Slain by a two-headed ogre
             ... wielding a +0 giant club
              (17 damage)
             ... on level 11 of the Dungeon.
             The game lasted 00:14:25 (2015 turns).

4thArraOfDagon the Destroyer (TeFE)                 Turns: 2015, Time: 00:14:25

Health: -5/45      AC:  3    Str: 17    XL:     9   Next: 34%
Magic:  8/19       EV: 13    Int: 22    God:    Cheibriados [*.....]
Gold:   296        SH:  0    Dex: 18    Spells: 4 memorised, 7 levels left

rFire  . . .     SeeInvis .     k - +0 long sword (vamp)
rCold  . . .     Clarity  .     a - +1 robe
rNeg   . . .     SustAt   .     (no shield)
rPois  .         Gourm    .     (helmet restricted)
rElec  .         Spirit   .     (no cloak)
rCorr  .         Warding  .     (no gloves)
rMut   .         Stasis   .     (boots unavailable)
MR     .....                    (no amulet)
Stlth  +.........               y - ring of loudness (curse)
                                q - +6 ring of strength

@: very slightly contaminated, invisible, very slow, not resistant to hostile
enchantments, very unstealthy
A: beak, talons 3, able to fly 1
a: Fly, Bend Time, Renounce Religion


You were on level 11 of the Dungeon.
You worshipped Cheibriados.
Cheibriados was aware of your devotion.
You were not hungry.

You visited 2 branches of the dungeon, and saw 12 of its levels.

You collected 296 gold pieces.

Inventory:

Hand weapons
 f - a +0 club
 k - a +0 vampiric long sword (weapon)
 o - a +2 whip of venom
Missiles
 d - 2 curare-tipped needles
Armour
 a - a +1 robe (worn)
Magical staves
 j - an uncursed staff of poison {unknown}
Jewellery
 q - a +6 ring of strength (left hand)
 x - an uncursed ring of flight
 y - a cursed ring of loudness (right hand)
Magical devices
 p - a wand of magic darts (31)
Scrolls
 i - 2 scrolls of recharging
 n - 6 scrolls of teleportation
Potions
 e - a potion of flight
 g - a potion of lignification {unknown}
 m - a potion of curing
 v - a potion of might
Books
 b - a book of Flames

   Spells                             Type                      Level
   a - Flame Tongue                   Conjuration/Fire             1
   b - Throw Flame                    Conjuration/Fire             2
   c - Conjure Flame                  Conjuration/Fire             3
   d - Inner Flame                    Hexes/Fire                   3
   e - Sticky Flame                   Conjuration/Fire             4
   f - Fireball                       Conjuration/Fire             5
 u - a book of Power

   Spells                             Type                      Level
   a - Fulminant Prism                Conjuration/Hexes            4
   b - Iskenderun's Mystic Blast      Conjuration                  4
   c - Venom Bolt                     Conjuration/Poison           5
   d - Bolt of Magma                  Conjuration/Fire/Earth       5
   e - Iron Shot                      Conjuration/Earth            6
   f - Orb of Destruction             Conjuration                  7
   g - Spellforged Servitor           Conjuration/Summoning        7
Comestibles
 c - 3 bread rations
 l - a meat ration
 w - a chunk of flesh


   Skills:
 - Level 2.1 Dodging
 - Level 2.0 Stealth
 * Level 6.1 Spellcasting
 + Level 9.5 Conjurations
 + Level 8.7 Fire Magic


You had 7 spell levels left.
You knew the following spells:

 Your Spells              Type           Power        Failure   Level  Hunger
a - Flame Tongue          Conj/Fire      #####        1%          1    None
b - Conjure Flame         Conj/Fire      #####...     1%          3    #......
c - Sticky Flame          Conj/Fire      #####...     1%          4    ###....
d - Fireball              Conj/Fire      #####.....   8%          5    #####..


Dungeon Overview and Level Annotations

Branches:
Dungeon (11/15)            Temple (1/1) D:5
   Lair: D:8-11         Orc: D:9-12

Altars:
Ashenzari
Cheibriados
Dithmenos
Elyvilon
Fedhas
Kikubaaqudgha
Nemelex Xobeh
Okawaru
Ru
Sif Muna
Trog
Yredelemnul
Zin
The Shining One

Annotations:
D:3 Sigmund
D:9 2 runed doors


Innate Abilities, Weirdness & Mutations

You have a beak for a mouth.
You have claws for feet.
You can fly.


Message History

Unknown command.
Unknown command.
There is an open door here.
Found 10 gold pieces and a chain mail.
A two-headed ogre comes into view. It is wielding two giant clubs.
The two-headed ogre shouts in stereo!
There is an open door here.
Unknown command.
Casting: Flame Tongue
Confirm with . or Enter, or press ? or * to list all spells.
Aiming: Sticky Flame
Press: ? - help, Shift-Dir - straight line, f - two-headed ogre
Aim: a two-headed ogre, wielding two giant clubs
Okay, then.
Drink which item? (? for menu, Esc to quit)
Okay, then.
Drink which item? (? for menu, Esc to quit)
You fade into invisibility!
The two-headed ogre hits you with a giant club!
You die...

#. # .. #. #.
#.##'#######+##..
.'.....#........
#.....#[......
#..O..'.......
##@###....#
#.##...##....##..
#..........$..[..
#.##+####.##.##.
#.##...##'##.##..
#.......'.§......
#......##§##.##..
#.##...##.# #
#.##...##.#


You could see a two-headed ogre.

Vanquished Creatures
  A centaur zombie (D:11)
  A two-headed ogre (D:8)
  A wraith (D:11)
  The ghost of 4thArraOfDagon the Firebug, an average DEFE of Vehumet (D:5)
  An eye of draining (D:10)
  An orc warrior (D:9)
  A wasp (D:7)
  An ogre (D:8)
  A phantom (D:8)
  4 centaurs
  A scorpion (D:6)
  A quasit (D:8)
  An orc wizard (D:9)
  A hound (D:9)
  2 centaur skeletons
  A giant frog skeleton (D:5)
  3 worker ants
  An iguana (D:8)
  A killer bee zombie (D:6)
  A hound zombie (D:6)
  2 adders (D:7)
  An ooze (D:4)
  6 orcs
  2 bats
  3 jackals (D:5)
  A kobold (D:1)
  A ball python (D:7)
  4 giant cockroaches
  4 giant newts
  5 goblins
  3 quokkas
  2 rats
60 creatures vanquished.

Vanquished Creatures (others)
  A giant frog (D:10)
1 creature vanquished.

Grand Total: 61 creatures vanquished

Notes
Turn   | Place    | Note
--------------------------------------------------------------
     0 | D:1      | 4thArraOfDagon the Tengu Fire Elementalist began the quest for the Orb.
     0 | D:1      | Reached XP level 1. HP: 10/10 MP: 4/4
   193 | D:1      | Reached XP level 2. HP: 10/15 MP: 3/6
   275 | D:3      | Noticed Sigmund
   348 | D:2      | You fall through a shaft for 2 floors!
   427 | D:3      | Found a bloodstained altar of Trog.
   481 | D:5      | Entered Level 5 of the Dungeon
   485 | D:5      | Noticed 4thArraOfDagon's ghost (average DEFE)
   540 | D:5      | Found a sacrificial altar of Ru.
   564 | D:5      | Reached XP level 3. HP: 16/19 MP: 7/7
   587 | D:5      | Learned a level 3 spell: Conjure Flame
   627 | D:5      | Killed 4thArraOfDagon's ghost
   627 | D:5      | Reached skill level 4 in Conjurations
   627 | D:5      | Reached XP level 4. HP: 6/24 MP: 2/9
   627 | D:5      | Gained mutation: You can fly. [Tengu growth]
   627 | D:5      | Reached XP level 5. HP: 7/28 MP: 2/10
   650 | D:5      | HP: 1/28 [giant frog skeleton (3)]
   684 | D:5      | Learned a level 4 spell: Sticky Flame
   706 | D:5      | Found a blossoming altar of Fedhas.
   798 | D:5      | Found a staircase to the Ecumenical Temple.
   805 | Temple   | Entered the Ecumenical Temple
   806 | Temple   | :(
   812 | Temple   | Became a worshipper of Cheibriados the Contemplative
   880 | D:6      | Reached skill level 5 in Fire Magic
   882 | D:6      | Noticed a black bear
   887 | D:6      | Reached skill level 5 in Conjurations
   887 | D:6      | Reached XP level 6. HP: 17/32 MP: 4/11
  1081 | D:6      | Noticed a centaur
  1104 | D:7      | Reached skill level 6 in Conjurations
  1104 | D:7      | Reached XP level 7. HP: 15/36 MP: 6/13
  1115 | D:7      | Learned a level 5 spell: Fireball
  1303 | D:8      | Noticed a centaur skeleton
  1309 | D:8      | Killed a centaur skeleton
  1309 | D:8      | Reached skill level 7 in Conjurations
  1309 | D:8      | Reached XP level 8. HP: 23/41 MP: 6/15
  1325 | D:8      | Noticed a two-headed ogre
  1333 | D:8      | Killed a two-headed ogre
  1333 | D:8      | Acquired Cheibriados's first power
  1333 | D:8      | Reached skill level 8 in Conjurations
  1364 | D:8      | :(
  1529 | D:9      | Found a runed door.
  1547 | D:9      | Found a runed door.
  1845 | D:10     | Entered Level 10 of the Dungeon
  1852 | D:10     | Reached skill level 5 in Spellcasting
  1910 | D:10     | Reached skill level 9 in Conjurations
  1910 | D:10     | Reached XP level 9. HP: 45/45 MP: 0/17
  1994 | D:11     | Noticed a centaur zombie
  1998 | D:11     | Killed a centaur zombie
  2014 | D:11     | Noticed a two-headed ogre
  2015 | D:11     | Slain by a two-headed ogre

Vault maps used:
D:1:      dpeg_arrival_arbitrary_c
D:3:      lemuel_crystal_altar, first_bread, nicolae_ru_path_of_blood,
          uniq_robin, uniq_jessica, uniq_sigmund
D:4:      cheibriados_altar_wand_db, uniq_crazy_yiuf_cottage
D:5:      lemuel_coloured_pillars_altar, fedhas_altar_1,
          minmay_temple_entry_junction2, basic_altar,
          minmay_misc_feat_nine_boxes
D:6:      serial_column_ruins, column_ruins_hut_water, column_ruins_open_medium,
          column_ruins_open_small, column_ruins_corridor_water,
          column_ruins_grid_3, column_ruins_columns_straight,
          column_ruins_open_tiny, column_ruins_columns_dead_end
D:7:      gammafunk_temple_overflow_elements, serial_shops, shop,
          lemuel_flame_loot_1, uniq_joseph, uniq_prince_ribbit1
D:8:      lair_0_dummy, hangedman_ranch, nicolae_tso_swordbearing_angel,
          uniq_maurice
D:9:      lemuel_insect_pit, minitemple, nicolae_underground_beach, uniq_erolcha
D:10:     uniq_psyche, uniq_josephine
D:11:     orc_0_dummy
Temple:   nicolae_temple_no_exploring_needed

Action                   |  1- 3 |  4- 6 |  7- 9 || total
-------------------------+-------+-------+-------++-------
Melee: Club              |     8 |       |       ||     8
       Whip              |    22 |     9 |    21 ||    52
       Long sword        |       |       |    15 ||    15
 Cast: Flame Tongue      |    22 |    15 |    31 ||    68
       Conjure Flame     |     1 |     4 |     9 ||    14
       Sticky Flame      |       |     3 |     8 ||    11
Evoke: Wand              |       |     1 |     1 ||     2
  Use: Scroll            |     7 |     1 |     7 ||    15
       Potion            |       |       |     3 ||     3
 Stab: Sleeping          |     2 |     2 |       ||     4
       Invisible         |       |       |     1 ||     1
  Eat: Chunk             |       |     2 |     3 ||     5
       Meat ration       |       |       |     1 ||     1
       Pizza             |       |       |     1 ||     1
